 Dungeon Crawl Stone Soup version 0.30-a0-782-ge64f9170bb (webtiles) character file.

Game seed: 13605071014534040024

29 theswoord the Chopper (level 3, 0/29 HPs)
             Began as a Demonspawn Monk on Feb 23, 2023.
             Slain by an adder (1 damage)
             ... on level 2 of the Dungeon.
             The game lasted 00:00:59 (1125 turns).

theswoord the Chopper (Demonspawn Monk)             Turns: 1125, Time: 00:01:00

Health: 0/29       AC:  2    Str: 13    XL:     3   Next: 1%
Magic:  3/3        EV: 12    Int: 11    God:
Gold:   33         SH:  0    Dex: 15    Spells: 2/2 levels left

rFire   . . .      SeeInvis .    a - +0 hand axe
rCold   . . .      Faith    .    (no shield)
rNeg    . . .      Spirit   .    b - +0 robe
rPois   .          Reflect  .    (no helmet)
rElec   .          Harm     .    (no cloak)
rCorr   .          Rampage  .    (no gloves)
Will    .....                    (no boots)
Stlth   ++                       (no amulet)
HPRegen 0.24/turn                (no ring)
MPRegen 0.08/turn                (no ring)

@: lethally poisoned (0 -> -5)
A: claws 2
a: no special abilities


You were on level 2 of the Dungeon.
You visited 1 branch of the dungeon, and saw 2 of its levels.

You collected 33 gold pieces.

Inventory:

Hand Weapons
 a - a +0 hand axe (weapon)
 e - a +0 whip
Armour
 b - a +0 robe (worn)
Potions
 c - a potion of haste {unknown}
 d - a potion of cancellation {unknown}


   Skills:
 - Level 3.0 Fighting
 + Level 3.8 Axes
 - Level 2.6 Dodging
 - Level 1.7 Stealth


You had 2 spell levels left.
You didn't know any spells.
Your spell library was empty.

Dungeon Overview and Level Annotations

Branches:
Dungeon (2/15)

Altars:

Shops:
D:1 *


Innate Abilities, Weirdness & Mutations

You have very sharp fingernails.


Message History

There is a stone staircase leading up here.
An adder is nearby!
You aren't carrying any scrolls.
An adder is nearby!
An adder is nearby!
The adder hisses angrily.
The adder bites you. The adder closely misses you.
You hit the adder. The adder bites you.
You closely miss the adder. The adder bites you.
You hit the adder. The adder misses you. The adder closely misses you.
You hit the adder but do no damage. The adder completely misses you.
You barely miss the adder. The adder bites you but does no damage.
The adder barely misses you.
You hit the adder. The adder bites you.
You hit the adder. The adder bites you but does no damage.
The adder barely misses you.
You miss the adder. The adder bites you but does no damage.
You barely miss the adder. The adder barely misses you. The adder bites you.
You miss the adder. The adder bites you.
You barely miss the adder. The adder bites you.
You completely miss the adder. The adder bites you but does no damage.
The adder bites you.
You barely miss the adder. The adder bites you.
You are poisoned.
The adder poisons you!
You barely miss the adder.
You feel sick. The adder bites you.
* * * LOW HITPOINT WARNING * * *
You are more poisoned.
The adder poisons you! The adder bites you.
* * * LOW HITPOINT WARNING * * *
You miss the adder.
* * * LOW HITPOINT WARNING * * *
You feel very sick. The adder closely misses you.
You hit the adder.
* * * LOW HITPOINT WARNING * * *
You feel sick. The adder bites you.
* * * LOW HITPOINT WARNING * * *
The adder bites you.
You die...

#.# #.#.# #.#.#
#.#.###+####
#.#.........
#.#.......# #
#.#..S....#.
#.###.#.#.@.......
.......<..........
..................
.####.#...........
...........#...
####.....#.## .#
..>....... .
#......#.##.
..........


You could see an adder.

Vanquished Creatures
  A ball python (D:1)
  3 endoplasms (D:1)
  3 goblins (D:1)
  6 hobgoblins (D:1)
  4 jackals (D:1)
  2 bats (D:1)
  3 frilled lizards (D:1)
  3 rats (D:1)
25 creatures vanquished.

Notes
Turn   | Place    | Note
-------+----------+-------------------------------------------
     0 | D:1      | theswoord the Demonspawn Monk began the quest for the Orb.
     0 | D:1      | Reached XP level 1. HP: 18/18 MP: 1/1
   315 | D:1      | Gained mutation: You have sharp fingernails. [demonic
                  | ancestry]
   315 | D:1      | Reached XP level 2. HP: 12/24 MP: 2/2
   436 | D:1      | Found Xeroatre's General Store.
   860 | D:1      | Gained mutation: You have very sharp fingernails. [demonic
                  | ancestry]
   860 | D:1      | Reached XP level 3. HP: 28/29 MP: 3/3
  1125 | D:2      | HP: 1/29 [adder (4)]
  1125 | D:2      | Slain by an adder

Skill      XL: |  1 |
---------------+----+-----
Axes           | 3 |  3.8
Fighting       | |  3.0
Dodging        | |  2.6
Stealth        | |  1.7

Action                     || total
---------------------------++-------
  Melee: Hand axe          ||    91
    Use: Potion            ||     1
   Stab: Sleeping          ||     4
 Armour: Robe              ||    15
  Dodge: Dodged            ||    67

Levels and vault maps discovered:
D:1:      giann_bridges, layout_basic, serial_shops, shop_statue
D:2:      layout_basic
